 Dungeon Crawl Stone Soup version 0.22-a0-136-g83a10e5 (webtiles) character file.

151 sankara the Cudgeler (level 5, 0/38 HPs)
             Began as a Demonspawn Gladiator on Feb 3, 2018.
             Was an Initiate of Kikubaaqudgha.
             Slain by a worm (1 damage)
             ... on level 3 of the Dungeon.
             The game lasted 00:07:16 (2121 turns).

sankara the Cudgeler (Demonspawn Gladiator)         Turns: 2121, Time: 00:07:17

Health: 0/38       AC:  8    Str: 14    XL:     5   Next: 10%
Magic:  0/5        EV: 13    Int: 10    God:    Kikubaaqudgha [......]
Gold:   172        SH:  0    Dex: 15    Spells: 4/4 levels left

rFire    . . .     SeeInvis .   q - -2 whip (curse)
rCold    . . .     Gourm    .   (no shield)
rNeg     . . .     Faith    .   g - +0 ring mail
rPois    .         Spirit   +   c - +0 helmet
rElec    .         Reflect  .   (no cloak)
rCorr    +         Harm     .   (no gloves)
MR       .....                  n - +1 pair of boots
Stlth    +.........             r - amulet of inaccuracy
HPRegen  0.12/turn              k - ring of resist corrosion
MPRegen  0.09/turn              (no ring)

@: very slow
A: repulsion field 1, magic shield
a: Renounce Religion


You were on level 3 of the Dungeon.
You worshipped Kikubaaqudgha.
Kikubaaqudgha was noncommittal.
You were hungry.

You visited 1 branch of the dungeon, and saw 3 of its levels.

You collected 172 gold pieces.

Inventory:

Hand Weapons
 a - a +0 flail
 j - a +0 hunting sling
 q - a cursed -2 whip (weapon)
Missiles
 d - 3 throwing nets (quivered)
 h - 99 stones
 s - 26 sling bullets
Armour
 c - a +0 helmet (worn)
 g - a +0 ring mail (worn)
 n - a +1 pair of boots (worn)
Jewellery
 k - a ring of resist corrosion (left hand)
 r - an amulet of inaccuracy (around neck)
Wands
 o - a wand of flame (25)
Scrolls
 i - 2 scrolls of remove curse
 m - 2 scrolls of teleportation
Potions
 l - a potion of magic
 t - a potion of heal wounds
Comestibles
 b - a chunk of flesh
 f - 5 rations


   Skills:
 - Level 2.0 Fighting
 + Level 5.3 Maces & Flails
 - Level 1.7 Throwing
 - Level 2.6 Dodging


You had 4 spell levels left.
You didn't know any spells.

Dungeon Overview and Level Annotations

Branches:
Dungeon (3/15)

Altars:
Elyvilon
Kikubaaqudgha
Qazlal
Sif Muna
Xom
Yredelemnul


Innate Abilities, Weirdness & Mutations

You are surrounded by a mild repulsion field. (EV +2)
When hurt, damage is shared between your health and your magic reserves.


Message History

The worm is heavily wounded.
You hit the worm.
The worm is severely wounded.
The worm bites you.
* * * LOW HITPOINT WARNING * * *
Your unstable footing causes you to fumble your attack.
You closely miss the worm.
The worm is severely wounded.
The worm barely misses you.
You closely miss the worm.
The worm is severely wounded.
You hit the worm.
The worm is severely wounded.
The worm misses you.
You closely miss the worm.
The worm is severely wounded.
Your unstable footing causes you to fumble your attack.
The worm bites you.
You die...
Kikubaaqudgha rasps: "You have failed me!
Welcome... death!"

**≈,≈,≈≈≈**,,,,,***#.
*≈*******≈*,,,,,* #.
*≈**≈≈≈,*≈*,,,,***##.
*,*≈***≈*≈*,,,,,,,...
*≈**≈∩*≈*≈***,****##.
*,*****≈*≈**,,,,,,..#
####≈≈,≈,**≈**,,,,,*#..
#..########≈##.....,#..
#.#≈≈≈@w≈≈≈#*#.........
#.########## #.........
#.# #....#.... #.#
#....#.... #.#
#....#.... #.#
#...<..... #.#
##....>.... #.#
#....#.##.. #.#
##....#.##.*


You could see a worm.

Vanquished Creatures
  The ghost of KristoblXynda the Slasher, a weakling DgGl (D:3)
  4 adders
  2 oozes
  A worm (D:3)
  A dart slug (D:2)
  A leopard gecko (D:2)
  2 orcs (D:3)
  A giant cockroach (D:2)
  7 hobgoblins
  3 jackals (D:2)
  10 kobolds
  A quokka (D:2)
  A ball python (D:1)
  4 bats
  6 frilled lizards
  6 goblins
  6 rats (D:2)
57 creatures vanquished.

Vanquished Creatures (others)
  A bush (D:2)
1 creature vanquished.

Grand Total: 58 creatures vanquished

Notes
Turn   | Place    | Note
-------+----------+-------------------------------------------
     0 | D:1      | sankara the Demonspawn Gladiator began the quest for the Orb.
     0 | D:1      | Reached XP level 1. HP: 16/16 MP: 1/1
   109 | D:1      | Reached skill level 3 in Maces & Flails
   474 | D:2      | Gained mutation: You are surrounded by a mild repulsion field. (EV +2) [demonic ancestry]
   474 | D:2      | Reached XP level 2. HP: 22/22 MP: 2/2
   724 | D:2      | Reached XP level 3. HP: 23/27 MP: 3/3
   744 | D:2      | Reached skill level 4 in Maces & Flails
  1099 | D:2      | Gained mutation: When hurt, damage is shared between your health and your magic reserves. [demonic ancestry]
  1099 | D:2      | Reached XP level 4. HP: 29/33 MP: 4/4
  1620 | D:3      | Noticed KristoblXynda's ghost (weakling DgGl)
  1647 | D:3      | Killed KristoblXynda's ghost
  1647 | D:3      | Reached skill level 5 in Maces & Flails
  1647 | D:3      | Reached XP level 5. HP: 21/38 MP: 3/5
  1658 | D:3      | Found a deep blue altar of Sif Muna.
  1662 | D:3      | Found a stormy altar of Qazlal.
  1662 | D:3      | Found a shimmering altar of Xom.
  1675 | D:3      | Found a basalt altar of Yredelemnul.
  1679 | D:3      | Found a white marble altar of Elyvilon.
  1798 | D:3      | Found an ancient bone altar of Kikubaaqudgha.
  1839 | D:3      | Became a worshipper of Kikubaaqudgha
  2101 | D:3      | HP: 1/38 [worm (4)]
  2115 | D:3      | HP: 1/38 [worm (2)]
  2121 | D:3      | Slain by a worm

Vault maps used:
D:1:      minmay_arrival_radiant_lines
D:2:      first_ration, minmay_misc_feat_pillars, lexackson_kobold_supper
D:3:      kiku_gazebo_garden_becter, minmay_overflow_temple_star_hex,
          gup_sewer_entry_spiral, minmay_misc_feat_chi,
          kennysheep_generic_room_13

Skill      XL: |  1  2  3  4 |
---------------+-------------+-----
Maces & Flails | 3 4 5 |  5.3
Fighting       | |  2.0
Throwing       | |  1.7
Dodging        | |  2.6

Action                   |  1- 3 |  4- 6 || total
-------------------------+-------+-------++-------
Melee: Flail             |   110 |   124 ||   234
       Whip              |       |   210 ||   210
  Use: Scroll            |       |     5 ||     5
       Potion            |       |     3 ||     3
  Eat: Chunk             |     1 |     3 ||     4
Armor: Leather armour    |     5 |       ||     5
       Ring mail         |    58 |    88 ||   146
Dodge: Dodged            |   133 |   171 ||   304

Table legend:
 A = Spawn XP
 B = Non-spawn XP
 C = Spawn XP percentage of total XP
 D = Spawn monster count
 E = Non-spawn monster count
 F = Spawn count percentage of total count
 G = Total turns spent on level
                    A         B        C        D         E        F      G
               +---------+---------+-------+---------+---------+-------+---------
         Total |       0 |     216 |   0.0 |       0 |      57 |   0.0 |  2121
               +---------+---------+-------+---------+---------+-------+---------
           D:1 |       0 |      11 |   0.0 |       0 |       9 |   0.0 |   473
           D:2 |       0 |     102 |   0.0 |       0 |      34 |   0.0 |   968
           D:3 |       0 |     103 |   0.0 |       0 |      14 |   0.0 |   680
               +---------+---------+-------+---------+---------+-------+---------
